 Dungeon Crawl Stone Soup version 0.27.1-34-g3ba077fa99 (webtiles) character file.

Game seed: 5244672361242811183

170 iwittbrodt the Magician (level 5, 0/29 HPs)
             Began as a Deep Elf Hedge Wizard on Jan 15, 2022.
             Slain by Menkaure (3 damage)
             ... on level 4 of the Dungeon.
             The game lasted 00:20:31 (4660 turns).

iwittbrodt the Magician (Deep Elf Hedge Wizard)     Turns: 4660, Time: 00:20:32

Health: 0/29       AC:  5    Str:  7    XL:     5   Next: 26%
Magic:  4/14       EV: 13    Int: 20    God:
Gold:   116        SH:  0    Dex: 14    Spells: 3/14 levels left

rFire    . . .     SeeInvis .   r - +0 trident (protect)
rCold    . . .     Faith    .   (no shield)
rNeg     . . .     Spirit   .   b - +0 robe
rPois    .         Reflect  .   d - +2 helmet
rElec    .         Harm     .   (no cloak)
rCorr    .         Rampage  .   (no gloves)
Will     .....                  (no boots)
Stlth    ++........             (no amulet)
HPRegen  0.09/turn              (no ring)
MPRegen  0.14/turn              (no ring)

@: very slightly contaminated
A: no striking features
a: no special abilities


You were on level 4 of the Dungeon.
You visited 1 branch of the dungeon, and saw 4 of its levels.

You collected 116 gold pieces.

Inventory:

Hand Weapons
 i - a +0 hunting sling
 r - a +0 trident of protection (weapon)
Missiles
 a - 61 stones
Armour
 b - a +0 robe (worn)
 c - a +0 hat
 d - a +2 helmet (worn)
Magical Staves
 p - a staff of earth
Jewellery
 n - a +6 ring of dexterity
Scrolls
 e - 4 scrolls of identify {unknown}
 f - 3 scrolls of amnesia {unknown}
 h - 2 scrolls of blinking {unknown}
 j - a scroll of enchant weapon {unknown}
 l - a scroll of acquirement {unknown}
 m - a scroll of enchant armour {unknown}
 o - a scroll of silence {unknown}
 q - a scroll of immolation {unknown}
 s - a scroll of noise {unknown}
 u - a scroll of teleportation {unknown}
Potions
 g - 3 potions of curing {unknown}
 k - 3 potions of attraction {unknown}
 t - a potion of haste {unknown}
 v - 2 potions of heal wounds {unknown}


   Skills:
 + Level 1.3 Fighting
 + Level 3.6 Dodging
 - Level 3.0 Stealth
 + Level 5.0 Spellcasting
 + Level 2.7 Conjurations
 - Level 1.1 Summonings
 - Level 1.1 Translocations
 + Level 1.3 Air Magic
 + Level 1.6 Poison Magic


You had 3 spell levels left.
You knew the following spells:

 Your Spells              Type           Power      Damage    Failure   Level
a - Magic Dart            Conj           64%        1d6       3%          1
b - Call Imp              Summ           9%         N/A       11%         2
c - Blink                 Tloc           N/A        N/A       11%         2
d - Conjure Flame         Conj/Fire      10%        6-21      21%         3
e - Mephitic Cloud        Conj/Pois/Air  12%        N/A       16%         3

Your spell library contained the following spells:

 Spells                   Type           Power      Damage    Failure   Level
 Slow                     Hex            5%         N/A       17%         2
 Stone Arrow              Conj/Erth      20%        3d8       21%         3
 Olgreb's Toxic Radiance  Pois           11%        N/A       52%         4
 Animate Dead             Necr           2%         N/A       75%         4
 Bolt of Magma            Conj/Fire/Erth 4%         4d5       91%         5
 Haunt                    Necr/Summ      3%         N/A       100%        7
 Ozocubu's Refrigeration  Ice            2%         4d5       100%        7
 Ignition                 Fire           2%         3d3       100%        8
 Infestation              Necr           2%         N/A       100%        8
 Shatter                  Erth           2%         3d6*      100%        9


Dungeon Overview and Level Annotations

Branches:
Dungeon (4/15)
 Temple: D:4-7

Altars:
Ashenzari
Okawaru

Annotations:
D:4 Menkaure


Message History

Menkaure hits your shadow imp.
Your shadow imp dies!
Your shadow imp disappears in a puff of smoke!
Casting: Call Imp (safe; 11% risk of failure)
Confirm with . or Enter, or press ? or * to list all spells.
A beastly little devil appears in a puff of frigid air.
Your white imp hits Menkaure.
Your white imp freezes Menkaure.
Menkaure resists.
Menkaure hits your white imp!!
Your white imp dies!
Your white imp disappears in a puff of smoke!
Menkaure casts a spell at you. Pain shoots through your body!
* * * LOW HITPOINT WARNING * * *
Casting: Call Imp (safe; 11% risk of failure)
Confirm with . or Enter, or press ? or * to list all spells.
You can't see any susceptible monsters within range! (Use Z to cast anyway.)
Casting: Call Imp (safe; 11% risk of failure)
Confirm with . or Enter, or press ? or * to list all spells.
The spell is quite dangerous to cast (21% risk of failure)!
Continue anyway? [Y]es or [N]o only, please.
The spell is quite dangerous to cast (21% risk of failure)!
Continue anyway? [Y]es or [N]o only, please.
The spell is quite dangerous to cast (21% risk of failure)!
Continue anyway?
You miscast Conjure Flame.
You are very lightly contaminated with residual magic.
Nothing appears to happen.
Menkaure barely misses you.
Menkaure calls on the powers of darkness!
You feel a surge of unholy energy.
Casting: Conjure Flame (quite dangerous; 21% risk of failure)
Confirm with . or Enter, or press ? or * to list all spells.
The spell is quite dangerous to cast (21% risk of failure)!
Continue anyway?
The fire begins to smoulder!
Menkaure calls on the powers of darkness!
Your body is wracked with pain!
* * * LOW HITPOINT WARNING * * *
Menkaure smothers the flame.
Menkaure hits you.
You die...

####...##.# # ##.....###.## #
............# # ............#
## ............# #.
.....#......### ########.
######...†....####
####........
#......#..M.#####....#######
#......####@......####
#..##$.#....<.##############
#.####...####.# ##.........
##>.....######..###..########
#####...###.# #..)......##
........# #.##..####..###
.......## #.#..#
##..######### .......# #...#
##.........# .......# #..##
#########.##


You could see Menkaure (fast).

Vanquished Creatures
  A hound skeleton (D:4)
  2 worms (D:2)
  2 dart slugs
  4 orcs (D:3)
  8 ball pythons
  7 endoplasms
  A giant cockroach (D:2)
  5 goblins
  7 hobgoblins
  7 kobolds
  4 quokkas
  2 bats (D:1)
  3 frilled lizards
  5 rats
58 creatures vanquished.

Vanquished Creatures (collateral kills)
  A hound (D:4)
  2 orc priests (D:3)
  An iguana (D:4)
  An adder (D:3)
  5 orcs (D:3)
  A kobold (D:4)
11 creatures vanquished.

Grand Total: 69 creatures vanquished

Notes
Turn   | Place    | Note
-------+----------+-------------------------------------------
     0 | D:1      | iwittbrodt the Deep Elf Hedge Wizard began the quest for
                  | the Orb.
     0 | D:1      | Reached XP level 1. HP: 10/10 MP: 7/7
   271 | D:1      | Found a faded altar of an unknown god.
   328 | D:1      | Reached XP level 2. HP: 11/15 MP: 3/9
   396 | D:1      | Learned a level 2 spell: Call Imp
   399 | D:1      | Learned a level 2 spell: Blink
  1481 | D:2      | Reached XP level 3. HP: 20/20 MP: 8/11
  1542 | D:2      | Learned a level 3 spell: Conjure Flame
  1546 | D:2      | Learned a level 3 spell: Mephitic Cloud
  2840 | D:3      | Reached skill level 1 in Poison Magic
  3007 | D:3      | Found an iron altar of Okawaru.
  3009 | D:3      | Found a broken altar of Ashenzari.
  3019 | D:3      | Reached XP level 4. HP: 24/24 MP: 9/12
  3197 | D:3      | Reached skill level 1 in Fighting
  3197 | D:3      | Reached skill level 1 in Air Magic
  4204 | D:4      | Reached skill level 5 in Spellcasting
  4289 | D:4      | Reached XP level 5. HP: 20/29 MP: 14/14
  4611 | D:4      | Noticed Menkaure
  4660 | D:4      | Slain by Menkaure

Illustrated notes

Levels and vault maps discovered:
D:1:      evilmike_arrival_hilbert_curve, layout_rooms,
          shapermc_ecumenical_altar_pompeii
D:2:      layout_basic, minmay_pentomino_w4
D:3:      layout_basic, chequers_temple_overflow_statue_of_worship
D:4:      layout_rooms, uniq_menkaure

Skill      XL: |  1  2  3  4 |
---------------+-------------+-----
Dodging        | 3 |  3.6
Conjurations   | 2 |  2.7
Stealth        | 3 |  3.0
Poison Magic   | 1 |  1.6
Fighting       | 1 |  1.3
Air Magic      | 1 |  1.3
Spellcasting   | 5 |  5.0
Summonings     | |  1.1
Translocations | |  1.1

Action                   |  1- 3 |  4- 6 || total
-------------------------+-------+-------++-------
Melee: Dagger            |    17 |       ||    17
       Glaive            |    15 |     3 ||    18
       Trident           |       |    26 ||    26
 Cast: Magic Dart        |   132 |    25 ||   157
       Call Imp          |     4 |    17 ||    21
       Conjure Flame     |       |     1 ||     1
Armor: Robe              |     9 |     8 ||    17
Dodge: Dodged            |    22 |    23 ||    45
